cohdb
Replays
Latest Replays
All Replays
Popular Replays
Top Player Replays
Match Explorer
How It Works
Community
CoH3 Stats
Reddit
Sign in to upload your games and track your stats! →
Sign in with Steam
Match 41015591
Unlisted
Match 41015591
Overview
Messages
Build Orders
End
Construct Infanterie Kompanie
Selects Breakthrough Battlegroup
Selects Assault Grenadiers
Grenadier Squad
Grenadier Squad
Grenadier Squad
Infanterie Officer Quarters
Grenadier Squad
Construct Luftwaffe Kompanie
Flak 30 Anti-aircraft Gun Team
Support Elements
MG 42 Machine Gun Team
Selects Rapid Production
Wirbelwind Flakpanzer
Pioneer Squad
Pioneer Squad
Selects Blitzkrieg
Wirbelwind Flakpanzer
Kettenkrad Recon Vehicle
Selects Tiger Heavy Tank
Selects Breakthrough
Tiger Heavy Tank
Marder III M Tank Destroyer
Breakthrough
Selects Incendiary Bombing Run
Incendiary Bombing Run
Pioneer Squad
Marder III M Tank Destroyer
lattouf
HelpingHans
Symbiosis
TURTLE LEONID
0
0
Comments
sign in to comment!
No comments posted yet!